 Dungeon Crawl Stone Soup version 0.19-a0-36-g4a0968a (webtiles) character file.

604 Mefis the Magician (level 7, -9/36 HPs)
             Began as a Deep Elf Wizard on May 3, 2016.
             Was a Follower of Sif Muna.
             Mangled by a hell rat (13 damage)
             ... on level 5 of the Dungeon.
             The game lasted 00:20:47 (5201 turns).

Mefis the Magician (Deep Elf Wizard)                Turns: 5201, Time: 00:20:47

Health: -9/36      AC: 10    Str:  4    XL:     7   Next: 18%
Magic:  1/18       EV: 14    Int: 25    God:    Sif Muna [*.....]
Gold:   63         SH:  0    Dex: 18    Spells: 7 memorised, 3 levels left

rFire  + . .     SeeInvis .     k - +2 short sword (speed)
rCold  . . .     Gourm    .     E - +1 robe {rF+}
rNeg   . . .     Faith    .     (no shield)
rPois  .         Spirit   .     C - +1 hat
rElec  .         Dismiss  .     (no cloak)
rCorr  .         Reflect  .     (no gloves)
SustAt .         Harm     .     (no boots)
MR     .....                    o - amulet of regeneration
Stlth  +++.......               v - +5 ring of dexterity
                                g - +6 ring of protection

@: very slightly contaminated, repel missiles, drained, not resistant to hostile
enchantments, fairly stealthy
A: no striking features
a: Channel Energy, Renounce Religion


You were on level 5 of the Dungeon.
You worshipped Sif Muna.
Sif Muna was aware of your devotion.
You were not hungry.

You visited 2 branches of the dungeon, and saw 6 of its levels.

You collected 147 gold pieces.
You spent 84 gold pieces at shops.

Inventory:

Hand Weapons
 k - a +2 short sword of speed (weapon)
 w - a +3 whip
Missiles
 y - 21 arrows
Armour
 a - a +0 robe
 b - a +0 hat
 z - a +1 leather armour of fire resistance
 C - a +1 hat (worn)
 E - a +1 robe of fire resistance (worn)
Jewellery
 g - a +6 ring of protection (left hand)
 o - an amulet of regeneration (around neck)
 r - an uncursed amulet of rage
 t - an uncursed ring of ice
 v - a +5 ring of dexterity (right hand)
 H - an uncursed amulet of guardian spirit
Wands
 s - a wand of lightning (4/15)
Scrolls
 e - a scroll of amnesia {unknown}
 l - 2 scrolls of immolation {unknown}
 m - 3 scrolls of remove curse {unknown}
 n - 8 scrolls of identify
 u - 3 scrolls of noise {unknown}
 x - 2 scrolls of teleportation {unknown}
 B - 3 scrolls of blinking
 D - a scroll of enchant weapon
Potions
 f - 4 potions of degeneration
 i - 3 potions of mutation {unknown}
 p - a potion of cure mutation {unknown}
 A - a potion of invisibility {unknown}
 G - a potion of brilliance
Books
 c - a book of Minor Magic

   Spells                             Type                      Level
   a - Magic Dart                     Conjuration                  1
   b - Blink                          Translocation                2
   c - Call Imp                       Summoning                    2
   d - Repel Missiles                 Charms/Air                   2
   e - Slow                           Hexes                        2
   f - Conjure Flame                  Conjuration/Fire             3
   g - Mephitic Cloud                 Conjuration/Poison/Air       3
Comestibles
 d - a bread ration
 h - a beef jerky
 j - 3 fruits
 q - 4 meat rations
 F - 2 chunks of flesh
 I - a royal jelly


   Skills:
 + Level 4.1(3.7) Dodging
 + Level 4.0(3.6) Stealth
 + Level 6.1(5.7) Spellcasting
 + Level 2.8(2.4) Conjurations
 + Level 2.0(1.6) Hexes
 + Level 3.5(3.1) Charms
 + Level 2.6(2.2) Summonings
 + Level 2.8(2.4) Translocations
 + Level 1.4(1.0) Fire Magic
 + Level 1.4(1.0) Poison Magic


You had 3 spell levels left.
You knew the following spells:

 Your Spells              Type           Power        Failure   Level  Hunger
a - Magic Dart            Conj           ###.         3%          1    None
b - Call Imp              Summ           ###.....     6%          2    None
c - Blink                 Tloc           N/A          6%          2    None
d - Repel Missiles        Chrm/Air       ##....       10%         2    None
e - Mephitic Cloud        Conj/Pois/Air  ##......     14%         3    #......
f - Conjure Flame         Conj/Fire      ###.....     12%         3    #......
g - Slow                  Hex            ###.....     8%          2    None


Dungeon Overview and Level Annotations

Branches:
Dungeon (5/15)             Temple (1/1) D:4

Altars:
Cheibriados
Dithmenos
Makhleb
Nemelex Xobeh
Pakellas
Qazlal
Ru
Sif Muna
Trog
Yredelemnul
The Shining One

Shops:
D:4 *


Message History

Press: ? - help, Dir - move target cursor, f - you Are you sure you want to cancel this blink?
Blink to where?
Press: ? - help, Dir - move target cursor, f - you Are you sure you want to cancel this blink?
Blink to where?
Press: ? - help, Dir - move target cursor You can't see that place. [a rock wall.] Are you sure you want to cancel this blink?
Okay, then.
As you read the scroll labeled MIUNLU ZUVYNT, it crumbles to dust.
It was a scroll of blinking.
The hell rat closely misses you.
Read which item? (? for menu, Esc to quit)
As you read the scroll labeled CUFUIGRE ISEAH, it crumbles to dust.
It is a scroll of enchant weapon.
Enchant which weapon? (? for menu, Esc to quit)
Your +1 short sword of speed glows red for a moment.
The hell rat closely misses you. The hell rat bites you!
You die... ##### ####### #@rr######## rrr..). ####r##%...## rr.r... ##......$## rr..rr.

##rr.....#
.r...r.##
####......## .
#.######.#.##..###
#.#.##.#..#.###.##
#.##..#.###r#...#
#.#†r.## #.#r###


You could see a hell rat and 2 rats.

Vanquished Creatures
  A phantom (D:4)
  An ogre (D:5)
  A giant frog (D:5)
  A scorpion (D:4)
  A giant frog zombie (D:5)
  2 orc priests (D:3)
  2 hounds (D:4)
  An orc wizard (D:3)
  5 adders
  An ooze (D:2)
  2 worms (D:2)
  3 dart slugs
  A giant gecko (D:2)
  15 orcs
  4 giant cockroaches
  5 goblins
  6 hobgoblins
  5 jackals
  4 kobolds
  A quokka (D:3)
  2 ball pythons
  8 bats
  5 giant newts
  A quokka skeleton (D:4)
  12 rats
90 creatures vanquished.

Vanquished Creatures (collateral kills)
  A giant gecko (D:3)
  2 orcs (D:2)
  A quokka (D:4)
4 creatures vanquished.

Vanquished Creatures (others)
  An ugly thing (D:2)
1 creature vanquished.

Grand Total: 95 creatures vanquished

Notes
Turn   | Place    | Note
--------------------------------------------------------------
     0 | D:1      | Mefis the Deep Elf Wizard began the quest for the Orb.
     0 | D:1      | Reached XP level 1. HP: 10/10 MP: 7/7
   397 | D:1      | Reached XP level 2. HP: 15/15 MP: 7/9
   401 | D:1      | Learned a level 2 spell: Call Imp
   404 | D:1      | Learned a level 2 spell: Blink
   407 | D:1      | Learned a level 2 spell: Repel Missiles
   901 | D:1      | Reached skill level 1 in Charms
  1077 | D:2      | Found a shadowy altar of Dithmenos.
  1486 | D:2      | Reached XP level 3. HP: 19/19 MP: 1/11
  1647 | D:2      | Reached skill level 5 in Spellcasting
  1699 | D:2      | Found an oddly glowing altar of Pakellas.
  1699 | D:2      | Noticed a red ugly thing
  1716 | D:2      | Killed a red ugly thing
  2293 | D:3      | Reached XP level 4. HP: 24/24 MP: 9/13
  2726 | D:3      | Learned a level 3 spell: Mephitic Cloud
  2730 | D:3      | Learned a level 3 spell: Conjure Flame
  2811 | D:3      | Reached XP level 5. HP: 28/28 MP: 3/15
  2815 | D:3      | Learned a level 2 spell: Slow
  3475 | D:3      | Found a basalt altar of Yredelemnul.
  3530 | D:3      | Reached skill level 1 in Hexes
  3697 | D:4      | Found a staircase to the Ecumenical Temple.
  3719 | Temple   | Entered the Ecumenical Temple
  3943 | Temple   | Became a worshipper of Sif Muna the Loreminder
  4037 | D:4      | Found a sparkling altar of Nemelex Xobeh.
  4094 | D:4      | Found a sacrificial altar of Ru.
  4100 | D:4      | Found Xyufidicia's General Store.
  4117 | D:4      | Reached XP level 6. HP: 32/32 MP: 1/16
  4136 | D:4      | Bought a potion of degeneration for 12 gold pieces
  4136 | D:4      | Bought a potion of brilliance for 48 gold pieces
  4136 | D:4      | Bought a scroll of identify for 24 gold pieces
  4378 | D:4      | Reached skill level 6 in Spellcasting
  4378 | D:4      | Reached skill level 1 in Fire Magic
  4378 | D:4      | Reached skill level 1 in Poison Magic
  4832 | D:5      | Entered Level 5 of the Dungeon
  4988 | D:5      | Reached XP level 7. HP: 36/36 MP: 8/18
  4999 | D:5      | Reached * piety under Sif Muna
  5201 | D:5      | Mangled by a hell rat

Vault maps used:
D:1:      lemuel_arrival_broad_hall
D:2:      grunt_dithmenos_smoke_and_mirrors, gammafunk_pakellas_cloud_experiment
D:3:      yredelemnul_altar_generic
D:4:      nicolae_ru_path_of_blood, nemelex_xobeh_ov_fountains_minmay,
          minmay_temple_entry_mist, serial_shops, shop, minivault_26
D:5:      lemuel_ratsnest, lemuel_round_altar, zin_angel, portal_sewer_entry_c,
          first_bread, chei_slow_surprise
Temple:   minmay_temple_bridge_a_8

Skill      XL: |  1  2  3  4  5  6  7 |
---------------+----------------------+-----
Charms         | 1 2 3 |  3.5
Spellcasting   | 5 6 |  6.1
Dodging        | 3 4 |  4.1
Stealth        | 3 4 |  4.0
Translocations | 2 |  2.8
Hexes          | 1 2 |  2.0
Conjurations   | 2 |  2.8
Summonings     | 2 |  2.6
Fire Magic     | 1 |  1.4
Poison Magic   | 1 |  1.4

Action                   |  1- 3 |  4- 6 |  7- 9 || total
-------------------------+-------+-------+-------++-------
Melee: Short sword       |    11 |    39 |       ||    50
 Cast: Magic Dart        |    94 |   150 |    31 ||   275
       Call Imp          |     4 |     6 |     2 ||    12
       Repel Missiles    |     1 |       |       ||     1
       Mephitic Cloud    |       |     4 |       ||     4
       Blink             |       |     2 |     1 ||     3
       Conjure Flame     |       |       |     2 ||     2
Invok: Channel Energy    |       |       |     2 ||     2
  Use: Scroll            |       |       |     2 ||     2
 Stab: Sleeping          |     4 |     1 |       ||     5
       Confused          |       |     1 |       ||     1
  Eat: Chunk             |     4 |     8 |     1 ||    13
Armor: Robe              |    10 |    18 |     5 ||    33
Dodge: Dodged            |    24 |    52 |    19 ||    95
       Deflected         |       |     1 |       ||     1
